 Dungeon Crawl Stone Soup version 0.29.1-15-g9cfb28693d (webtiles) character file.

Game seed: 18124453009743021163

163535 Anriel the Tortoise (level 17, -4/134 HPs)
             Began as a Minotaur Fighter on Mar 3, 2023.
             Was an Initiate of Gozag.
             Drowned by a water nymph (7 damage)
             ... on level 4 of the Shoals on Mar 6, 2023.
             The game lasted 03:02:44 (31967 turns).

Anriel the Tortoise (Minotaur Fighter)             Turns: 31967, Time: 03:02:46

Health: -4/134     AC: 55    Str: 30    XL:     17   Next: 24%
Magic:  16/16      EV:  7    Int: 11    God:    Gozag
Gold:   1449       SH:  0    Dex: 16    Spells: 16/16 levels left

rFire   . . .      SeeInvis +   a - +4 eveningstar (holy)
rCold   + . .      Faith    .   V - +0 buckler {AC+3}
rNeg    + . .      Spirit   .   p - +6 crystal plate armour
rPois   .          Reflect  +   n - +3 hat of Vlad {rN+ Slay+2}
rElec   .          Harm     .   K - +0 cloak of the Goldsmith {+Inv Str+4}
rCorr   .          Rampage  .   m - +2 pair of gloves {Dex+3}
Will    ++...                   b - +4 pair of boots of Sedyog {Int+6 SInv}
Stlth   ..........              I - amulet of reflection
HPRegen 0.32/turn               Z - ring "Hilelafu" {rC+ Will+}
MPRegen 0.15/turn               J - +4 ring of protection

@: confused, ambrosia-drunk, gold aura, studying Stealth, very slow
A: horns 2, retaliatory headbutt
a: Renounce Religion, Evoke Invisibility, Potion Petition, Call Merchant, Bribe
Branch


You were on level 4 of the Shoals.
You worshipped Gozag.
Gozag was most pleased with you.
You visited 5 branches of the dungeon, and saw 27 of its levels.
You visited the Abyss 1 time.
You also visited: Bailey.

You collected 10766 gold pieces.
You spent 4349 gold pieces at shops.
You paid 4968 gold pieces to Gozag.

Inventory:

Hand Weapons
 a - a +4 eveningstar of holy wrath (weapon)
 F - the +1 morningstar of Qazlal, Bedazzling {flame, Str+3}
   (You found it on level 3 of the Lair of Beasts)

   It burns those it strikes, dealing additional fire damage.
   Str:       It affects your strength (+3).
Missiles
 r - 3 javelins
 x - 7 boomerangs of dispersal
 y - 13 boomerangs (quivered)
 M - 8 throwing nets
 R - 9 silver javelins
Armour
 b - the +4 pair of boots of Sedyog (worn) {Int+6 SInv}
   (You bought it in a shop on level 4 of the Dungeon)

   Int:       It affects your intelligence (+6).
   SInv:      It lets you see invisible.
 m - a +2 pair of gloves of dexterity (worn)
 n - the +3 hat of Vlad (worn) {rN+ Slay+2}
   (You bought it in a shop on level 2 of the Orcish Mines)

   Slay:      It affects your accuracy & damage with ranged weapons and melee
   (+2).
   rN:        It protects you from negative energy.
 p - a +6 crystal plate armour (worn)
 E - the +0 pair of boots of Xoid {Dex+2}
   (You bought it in a shop on level 2 of the Shoals)

   Dex:       It affects your dexterity (+2).
 K - the +0 cloak of the Goldsmith (worn) {+Inv Str+4}
   (You bought it in a shop on level 3 of the Lair of Beasts)

   Str:       It affects your strength (+4).
   +Inv:      It lets you turn invisible.
 V - a +0 buckler of protection (worn)
Jewellery
 c - a +4 ring of evasion
 j - a ring of protection from cold
 l - a ring of protection from fire
 C - an amulet of regeneration
 I - an amulet of reflection (around neck)
 J - a +4 ring of protection (right hand)
 L - a +6 ring of intelligence
 P - an amulet of guardian spirit
 Z - the ring "Hilelafu" (left hand) {rC+ Will+}
   (You took it off a tengu warrior on level 10 of the Dungeon)

   [ring of protection from cold]

   rC:        It protects you from cold.
   Will:      It increases your willpower.
Wands
 i - a wand of polymorph (14)
 t - a wand of flame (6)
 B - a wand of light (7)
 Q - a wand of mindburst (10)
Scrolls
 d - 9 scrolls of identify
 s - 11 scrolls of teleportation
 v - 4 scrolls of butterflies
 z - a scroll of silence
 D - 3 scrolls of magic mapping
 G - 2 scrolls of fear
 H - 4 scrolls of immolation
 N - a scroll of amnesia
 T - a scroll of poison
Potions
 e - 4 potions of might
 f - 3 potions of curing
 h - 2 potions of invisibility
 k - 3 potions of haste
 o - 3 potions of cancellation
 u - a potion of magic
 A - a potion of brilliance
 O - 4 potions of flight
 U - a potion of ambrosia
Miscellaneous
 g - a lightning rod (4/4)
 w - a phial of floods
 S - a condenser vane


   Skills:
 - Level 8.1 Fighting
 + Level 19.6 Maces & Flails
 + Level 11.6 Throwing
 - Level 20.8 Armour
 - Level 15.0 Shields
 - Level 10.7 Evocations


You had 16 spell levels left.
You didn't know any spells.
Your spell library contained the following spells:

 Spells                   Type           Power      Damage    Failure   Level
 Apportation              Tloc           0%         N/A       98%         1
 Necrotise                Necr           0%         1d4       98%         1
 Sting                    Tmut/Pois      0%         1d3       98%         1
 Summon Small Mammal      Summ           0%         N/A       98%         1
 Poisonous Vapours        Pois/Air       0%         N/A       99%         2
 Scorch                   Fire           0%         2d5       99%         2
 Sublimation of Blood     Necr           0%         N/A       99%         2
 Call Canine Familiar     Summ           0%         N/A       100%        3
 Confusing Touch          Hex            0%         N/A       100%        3
 Conjure Flame            Conj/Fire      0%         6-21      100%        3
 Frozen Ramparts          Ice            0%         1d1       100%        3
 Gell's Gravitas          Tloc           0%         N/A       100%        3
 Ignite Poison            Fire/Tmut/Pois 0%         N/A       100%        3
 Lesser Beckoning         Tloc           0%         N/A       100%        3
 Ozocubu's Armour         Ice            0%         N/A       100%        3
 Summon Guardian Golem    Hex/Summ       0%         N/A       100%        3
 Swiftness                Air            0%         N/A       100%        3
 Teleport Other           Tloc           0%         N/A       100%        3
 Vampiric Draining        Necr           0%         2d6       100%        3
 Airstrike                Air            0%         2d(0-16)  100%        4
 Flame Wave               Conj/Fire      0%         2d4       100%        4
 Ice Form                 Ice/Tmut       0%         N/A       100%        4
 Leda's Liquefaction      Hex/Erth       0%         N/A       100%        4
 Olgreb's Toxic Radiance  Pois           0%         N/A       100%        4
 Petrify                  Tmut/Erth      0%         N/A       100%        4
 Sticky Flame             Conj/Fire      0%         2d3       100%        4
 Summon Lightning Spire   Summ/Air       0%         N/A       100%        4
 Agony                    Necr           0%         N/A       100%        5
 Alistair's Intoxication  Tmut/Pois      0%         N/A       100%        5
 Fireball                 Conj/Fire      0%         3d3       100%        5
 Irradiate                Conj/Tmut      0%         3d11      100%        5
 Lee's Rapid Deconstruct  Erth           0%         3d5*      100%        5
 Lightning Bolt           Conj/Air       0%         1d11      100%        5
 Metabolic Englaciation   Hex/Ice        0%         N/A       100%        5
 Silence                  Hex/Air        0%         N/A       100%        5
 Yara's Violent Unravell  Hex/Tmut       0%         3d3       100%        5
 Conjure Ball Lightning   Conj/Air       0%         3x3d6     100%        6
 Statue Form              Tmut/Erth      0%         N/A       100%        6
 Enfeeble                 Hex            0%         N/A       100%        7
 Discord                  Hex            0%         N/A       100%        8
 Disjunction              Tloc           0%         N/A       100%        8


Dungeon Overview and Level Annotations

Branches:
Dungeon (15/15)            Temple (1/1) D:6            Lair (5/5) D:10
 Shoals (4/4) Lair:2        Snake (0/4) Lair:2        Slime (0/5) Lair:4
    Orc (2/2) D:9             Elf (0/3) Orc:2        Vaults (0/5) D:14
 Depths (0/4) D:15         Bailey (visited)

Altars:
Ashenzari
Cheibriados
Dithmenos
Elyvilon
Fedhas
Gozag
Hepliaklqana
Kikubaaqudgha
Makhleb
Nemelex Xobeh
Okawaru
Qazlal
Ru
Sif Muna
Trog
Uskayaw
Vehumet
Wu Jian
Xom
Yredelemnul
Zin
The Shining One
Jiyva

Shops:
D:4 (:[(*   D:5 *   D:9 [   D:12 !   D:15 ?   Orc:2 ![[(   Lair:2 ?   Lair:3 [
Shoals:2 [


Innate Abilities, Weirdness & Mutations

You have a pair of horns on your head.
You reflexively headbutt those who attack you in melee.


Message History

You closely miss the water nymph.
The water nymph is severely wounded.
The water nymph gestures at you while chanting.
The water swirls and strikes you!!
* * * LOW HITPOINT WARNING * * *
You barely miss the water nymph.
The water nymph is severely wounded.
The merfolk impaler is no longer distracted by gold.
The merfolk javelineer throws a javelin.
The javelin pierces through you but does no damage.
The merfolk impaler hits you but does no damage.
You block the water nymph's attack.
You are confused.
You feel invigorated.
The merfolk javelineer throws a javelin.
The javelin closely misses you.
The merfolk impaler hits you but does no damage.
The water nymph touches you. The water nymph drowns you!
* * * LOW HITPOINT WARNING * * *
The merfolk impaler hits you but does no damage.
The merfolk javelineer throws a javelin.
The javelin pierces through you but does no damage.
The merfolk impaler hits you but does no damage.
The water nymph points at you and mumbles some strange words.
The water swirls and strikes you.
The merfolk impaler hits you but does no damage.
The merfolk javelineer throws a javelin.
The javelin pierces through you but does no damage.
The water nymph touches you. The water nymph drowns you!
* * * LOW HITPOINT WARNING * * *
The merfolk impaler hits you from afar with a +0 trident of protection!
* * * LOW HITPOINT WARNING * * *
The merfolk javelineer throws a javelin.
The javelin pierces through you but does no damage.
The merfolk impaler hits you but does no damage.
The water nymph touches you.
* * * LOW HITPOINT WARNING * * *
The water nymph drowns you!
You die...
Your body crumbles into a pile of gold.

≈≈≈≈≈≈≈≈≈≈≈≈≈≈≈≈≈≈≈≈≈≈≈≈≈≈≈≈≈# ≈≈
≈~~~~~~~≈≈≈≈≈≈≈≈≈~~~~~~~~.~# #
~~~~~~~~≈≈≈≈≈≈≈~~~~.......#
~~~~~~~~~≈≈≈≈≈~~~~...~..~#~#
~~.~~~~~~≈≈######~......#~#
~..)~~..~≈##~~~~$#m.$...#~~~
....~~.~~##~~~~~#m#$..:.# m≈≈
...)).~~~# #≈~$#m#~~..# ~#≈#
..#....~~#≈.≈≈#≈@~.#~~..# ~≈mm
.......~~#≈. ##m).#~~..## m~H~
......~~.# ≈≈#~.#..|..## #
....~≈~)~# }~≈≈~.~#...~~~#######
...~~≈≈≈≈##≈#..~~~##..~~~~~~~~~~~
~~~.~≈≈≈≈≈##≈≈≈≈≈##≈~~~~≈~~~≈≈~~~
~..~~~~≈≈≈≈########≈≈≈≈≈≈≈≈≈≈≈~~~
..P~~P~~≈≈≈≈≈≈≈≈≈≈≈≈≈≈≈≈≈≈≈≈≈≈~~~
P~~~...~≈≈≈≈≈≈≈≈≈≈≈≈≈≈≈≈≈≈≈≈#####


You could see 2 merfolk impalers, a merfolk javelineer and a water nymph.

Vanquished Creatures
  Mara (Shoals:3)
  Mlioglotl (Shoals:1)
  A kraken (Shoals:3)
  Agnes (D:14)
  Kirke (D:13)
  Roxanne (Shoals:3)
  Ilsuiw (Shoals:4)
  An orc warlord (Orc:2)
  Louise (D:14)
  A very ugly thing (D:15)
  7 merfolk impalers
  5 merfolk javelineers
  Josephine (Shoals:1)
  A rakshasa (D:15)
  4 vault guards (D:14)
  4 boulder beetles
  A great orb of eyes (D:15)
  Erica (D:8)
  4 hydras
  4 merfolk aquamancers (Shoals:4)
  4 catoblepae
  A death knight (D:15)
  2 centaur warriors
  6 merfolk avatars
  5 death yaks (Lair:5)
  5 two-headed ogres
  2 satyrs
  2 tengu warriors
  Nergalle (D:10)
  10 skeletal warriors
  11 sea snakes
  A goliath frog (Lair:5)
  A flayed ghost (D:14)
  A swamp dragon (shapeshifter) (D:15)
  2 wizards
  Pikel (D:5)
  3 deep elf pyromancers
  28 harpies
  A necromancer (Lair:4)
  2 orc knights
  An orc sorcerer (Orc:2)
  6 cyclopes
  16 fauns
  12 manticores
  12 ugly things
  11 merfolk sirens
  7 black mambas
  2 torpor snails (Lair:5)
  A water nymph (Shoals:1)
  11 elephants (Lair:5)
  14 cane toads
  2 gargoyles
  2 kobold demonologists (D:10)
  3 rime drakes
  3 freezing wraiths
  5 komodo dragons
  2 yaktaurs
  An unseen horror (D:10)
  A tengu conjurer (D:14)
  An efreet (D:15)
  26 merfolk
  7 trolls
  2 tyrant leeches (Lair:5)
  12 wind drakes
  Prince Ribbit (D:5)
  11 slime creatures
  14 dream sheep
  23 blink frogs
  Sigmund (D:3)
  6 snapping turtles
  8 wraiths
  2 shadows
  12 water elementals
  2 basilisks
  5 wyverns
  32 yaks
  6 hogs
  5 redbacks (D:8)
  11 vampire mosquitoes
  23 water moccasins
  5 wargs
  An acid dragon (D:10)
  2 ice beasts (D:8)
  41 orc warriors
  2 black bears
  20 wolves
  9 ogres
  15 centaurs
  2 kobold brigands (D:9)
  2 phantoms
  Blork the orc (D:5)
  9 scorpions
  2 necrophages (D:6)
  16 bullfrogs
  9 gnoll sergeants
  22 killer bees
  6 electric eels
  2 howler monkeys (D:8)
  7 gnoll boudas
  2 jellies
  13 orc priests
  5 hounds
  Terence (D:3)
  Ijyb (D:5)
  Natasha (thrice) (D:3)
  2 iguanas (D:5)
  21 orc wizards
  3 yak simulacra (Lair:4)
  3 polar bear simulacra (Lair:4)
  A wolf simulacrum (Lair:4)
  Robin (D:3)
  28 gnolls
  7 adders
  2 shadow imps
  An ufetubus (D:5)
  4 worms
  6 dart slugs
  71 orcs
  9 ball pythons
  4 bats
  3 bat zombies (D:8)
  6 endoplasms
  2 giant cockroaches (D:1)
  17 goblins
  11 hobgoblins
  A jackal (D:4)
  14 kobolds
  7 quokkas
  A frilled lizard (D:3)
  7 rats
  A rat zombie (D:8)
  4 river rat simulacra (Lair:4)
  3 tentacles (Shoals:3)
891 creatures vanquished.

Vanquished Creatures (collateral kills)
  A dancing weapon (D:14)
  2 cherubim (D:14)
  A centaur (Orc:2)
  An orc (Orc:2)
5 creatures vanquished.

Vanquished Creatures (others)
  A human (D:13)
  An orc wizard (Orc:2)
  A bush (Lair:5)
  40 fungi
  180 plants
  20 tentacles (Shoals:3)
243 creatures vanquished.

Grand Total: 1139 creatures vanquished

Notes
Turn   | Place    | Note
-------+----------+-------------------------------------------
     0 | D:1      | Anriel the Minotaur Fighter began the quest for the Orb.
     0 | D:1      | Reached XP level 1. HP: 19/19 MP: 0/0
    78 | D:1      | Reached XP level 2. HP: 27/27 MP: 1/1
   316 | D:1      | Noticed a shining eye
   326 | D:1      | Noticed a golden eye
   328 | D:1      | Found a faded altar of an unknown god.
   330 | D:1      | Noticed an eye of devastation
   330 | D:1      | Noticed an eye of devastation
   566 | D:2      | Reached XP level 3. HP: 31/34 MP: 2/2
  1310 | D:3      | Noticed Natasha
  1320 | D:3      | Killed Natasha
  1321 | D:3      | Reached skill level 5 in Fighting
  1321 | D:3      | Reached XP level 4. HP: 38/42 MP: 3/3
  1457 | D:3      | Found an opulent altar of Gozag.
  1459 | D:3      | Found a sacrificial altar of Ru.
  1485 | D:3      | Noticed Natasha
  1491 | D:3      | Killed Natasha
  1502 | D:3      | Noticed Terence
  1509 | D:3      | Killed Terence
  1510 | D:3      | Reached skill level 4 in Armour
  1510 | D:3      | Reached XP level 5. HP: 48/48 MP: 4/4
  1518 | D:3      | Noticed Sigmund
  1522 | D:3      | Noticed Natasha
  1526 | D:3      | Killed Natasha
  1527 | D:3      | Reached skill level 5 in Maces & Flails
  1533 | D:3      | Killed Sigmund
  1534 | D:3      | Reached skill level 5 in Armour
  1534 | D:3      | Reached XP level 6. HP: 40/56 MP: 5/5
  1619 | D:3      | Noticed Robin
  1650 | D:3      | Killed Robin
  2051 | D:3      | Identified a scroll of acquirement
  2051 | D:3      | Acquired 859 gold pieces
  2111 | D:4      | Reached XP level 7. HP: 53/61 MP: 6/6
  2184 | D:4      | Found Zoedduli's Book Shoppe.
  2194 | D:4      | Found Ussiydd's Antique Armour Emporium.
  2196 | D:4      | Found Ukaogim's Antique Weapon Emporium.
  2216 | D:4      | Found Qopiapla's General Store.
  2238 | D:4      | Bought a scroll of identify for 24 gold pieces
  2238 | D:4      | Bought a potion of lignification for 36 gold pieces
  2238 | D:4      | Bought a scroll of identify for 24 gold pieces
  2238 | D:4      | Bought 2 potions of curing for 72 gold pieces
  2283 | D:4      | Found Quimpaim's Antique Weapon Boutique.
  2318 | D:3      | Became a worshipper of Gozag Ym Sagoz the Greedy
  2340 | D:4      | Bought a runed flail for 149 gold pieces
  2340 | D:4      | Bought a runed flail for 149 gold pieces
  2361 | D:4      | Reached skill level 5 in Shields
  2770 | D:4      | Bought a pair of faintly glowing boots for 218 gold pieces
  2770 | D:4      | Identified the +4 pair of boots of Sedyog {Int+6 SInv} (You
                  | bought it in a shop on level 4 of the Dungeon)
  2800 | D:4      | Bought a lightning rod (4/4) for 360 gold pieces
  2829 | D:5      | Entered Level 5 of the Dungeon
  2842 | D:5      | Reached skill level 1 in Evocations
  2861 | D:5      | Found Tyromyo's General Store.
  2865 | D:5      | Bought a scroll of teleportation for 30 gold pieces
  2865 | D:5      | Bought a scroll of identify for 20 gold pieces
  2865 | D:5      | Bought a potion of curing for 30 gold pieces
  2943 | D:5      | Noticed Ijyb
  2950 | D:5      | Killed Ijyb
  3129 | D:5      | Noticed Blork the orc
  3157 | D:5      | Killed Blork the orc
  3158 | D:5      | Reached XP level 8. HP: 42/68 MP: 7/7
  3178 | D:5      | Noticed Pikel
  3187 | D:5      | Killed Pikel
  3459 | D:5      | Noticed Prince Ribbit
  3467 | D:5      | Reached skill level 5 in Evocations
  3513 | D:5      | Killed Prince Ribbit
  3514 | D:5      | Reached skill level 10 in Maces & Flails
  3514 | D:5      | Reached skill level 1 in Throwing
  3679 | D:5      | Identified the +6 long sword of Eternal Vigilance
                  | {antimagic, Drain Str+6 Int+4}
  3730 | D:5      | Bought a scroll of enchant weapon for 75 gold pieces
  3730 | D:5      | Bought a scroll of fear for 40 gold pieces
  3769 | D:6      | Reached XP level 9. HP: 74/74 MP: 8/8
  3998 | D:6      | Reached skill level 6 in Armour
  4435 | D:6      | Found a staircase to the Ecumenical Temple.
  4439 | Temple   | Entered the Ecumenical Temple
  5460 | D:7      | Reached skill level 7 in Armour
  6048 | D:8      | Found the +9 staff of Olgreb {rPois∞}
  6051 | D:8      | Found a runed translucent door.
  6056 | D:8      | Found a runed translucent gate.
  6056 | D:8      | Found a runed translucent gate.
  6057 | D:8      | Found a runed translucent door.
  6067 | D:8      | Found a runed translucent gate.
  6185 | D:8      | Found an ancient bone altar of Kikubaaqudgha.
  6232 | D:8      | Found a snail-covered altar of Cheibriados.
  6260 | D:8      | Reached skill level 5 in Throwing
  6265 | D:8      | Reached skill level 8 in Armour
  6351 | D:8      | Noticed Erica
  6367 | D:8      | Killed Erica
  6368 | D:8      | Reached skill level 9 in Armour
  6368 | D:8      | Reached XP level 10. HP: 50/81 MP: 9/9
  6404 | D:8      | Found a bloodstained altar of Trog.
  6814 | D:8      | Reached skill level 10 in Armour
  7207 | D:9      | Found a stormy altar of Qazlal.
  7580 | D:9      | Reached skill level 11 in Armour
  7816 | D:9      | Found a staircase to the Orcish Mines.
  8010 | D:9      | Found a hazy altar of Hepliaklqana.
  8220 | D:9      | Bought a +2 pair of gloves of dexterity for 215 gold pieces
  8246 | D:10     | Entered Level 10 of the Dungeon
  8293 | D:10     | Found a flagged portal.
  8299 | D:10     | Noticed a two-headed ogre
  8310 | D:10     | Killed a two-headed ogre
  8311 | D:10     | Reached skill level 10 in Shields
  8328 | Bailey   | Entered a bailey
  8468 | Bailey   | Reached XP level 11. HP: 91/91 MP: 10/10
  8790 | Bailey   | Identified the ring "Oveharon" {rN+ Int+3}
  9114 | D:10     | Noticed Nergalle
  9123 | D:10     | Killed Nergalle
  9157 | D:10     | Found a staircase to the Lair.
  9201 | D:10     | Found a basalt altar of Yredelemnul.
  9522 | D:10     | Noticed a wizard
  9529 | D:10     | Noticed a catoblepas
  9562 | D:10     | Reached skill level 12 in Armour
  9570 | D:10     | Killed a wizard
  9583 | D:10     | Killed a catoblepas
  9787 | D:10     | Identified the ring "Hilelafu" {rC+ Will+}
  9787 | D:10     | Noticed a tengu warrior
  9804 | D:10     | Killed a tengu warrior
 10012 | D:11     | Reached skill level 13 in Armour
 10018 | D:11     | Reached XP level 12. HP: 94/101 MP: 11/11
 10162 | D:11     | Noticed a boulder beetle
 10185 | D:11     | Killed a boulder beetle
 10247 | D:11     | Noticed a two-headed ogre
 10265 | D:11     | Killed a two-headed ogre
 10684 | D:12     | Reached skill level 14 in Armour
 11090 | D:12     | Noticed a two-headed ogre
 11100 | D:12     | Killed a two-headed ogre
 11752 | D:12     | Noticed a boulder beetle
 11783 | D:12     | Killed a boulder beetle
 12016 | D:12     | Reached skill level 15 in Maces & Flails
 12226 | D:12     | Reached skill level 15 in Armour
 12473 | D:12     | Bought a potion of haste for 110 gold pieces
 12473 | D:12     | Bought a potion of curing for 33 gold pieces
 12473 | D:12     | Bought a potion of heal wounds for 55 gold pieces
 12521 | D:13     | Noticed a two-headed ogre
 12531 | D:13     | Killed a two-headed ogre
 12592 | D:13     | Identified the +6 mace of Checkmate {chaos, Fly rC+ Int-4
                  | Dex+4}
 12597 | D:13     | Noticed Kirke
 12835 | D:13     | Reached XP level 13. HP: 107/107 MP: 12/12
 12969 | D:13     | Killed Kirke
 12970 | D:13     | Reached skill level 16 in Armour
 14258 | D:14     | Noticed Agnes
 14259 | D:14     | Noticed Louise
 14322 | Abyss:2  | Cast into level 2 of the Abyss (Louise)
 14350 | D:14     | Escaped the Abyss
 14367 | D:14     | Killed Louise
 14368 | D:14     | Reached skill level 17 in Armour
 14748 | D:14     | Killed Agnes
 15633 | D:14     | Reached skill level 10 in Throwing
 15832 | D:14     | Found a gate to the Vaults.
 15839 | D:14     | Reached XP level 14. HP: 115/115 MP: 13/13
 15994 | D:15     | Entered Level 15 of the Dungeon
 16035 | D:15     | Reached skill level 18 in Armour
 16646 | D:15     | Noticed a purple very ugly thing
 17044 | D:15     | Killed a purple very ugly thing
 17490 | D:15     | Found a staircase to the Depths.
 17573 | D:15     | Bought a scroll of fear for 56 gold pieces
 17573 | D:15     | Bought a scroll of teleportation for 42 gold pieces
 17573 | D:15     | Bought a scroll of immolation for 56 gold pieces
 17573 | D:15     | Bought a scroll of teleportation for 42 gold pieces
 17573 | D:15     | Bought 3 scrolls of enchant armour for 315 gold pieces
 17573 | D:15     | Bought a scroll of teleportation for 42 gold pieces
 17573 | D:15     | Bought a scroll of butterflies for 56 gold pieces
 17758 | Orc:1    | Entered Level 1 of the Orcish Mines
 17889 | Orc:1    | You fall into a shaft and drop 1 floor!
 17889 | Orc:2    | Entered Level 2 of the Orcish Mines
 17918 | Orc:2    | Found a staircase to the Elven Halls.
 17972 | Orc:2    | Noticed an orc warlord
 18001 | Orc:2    | Killed an orc warlord
 18002 | Orc:2    | Reached skill level 19 in Armour
 18839 | Orc:2    | Found Patayjos's Antique Armour Emporium.
 18839 | Orc:2    | Found Hiotij's Armour Boutique.
 18841 | Orc:2    | Found Piatzos's Distillery.
 18843 | Orc:2    | Found Gaolulof's Antique Weapon Shoppe.
 18854 | Orc:2    | Bought a potion of might for 48 gold pieces
 18854 | Orc:2    | Bought a potion of might for 48 gold pieces
 18854 | Orc:2    | Bought a potion of invisibility for 96 gold pieces
 18854 | Orc:2    | Bought a potion of curing for 36 gold pieces
 18854 | Orc:2    | Bought 2 potions of haste for 240 gold pieces
 18854 | Orc:2    | Bought a potion of invisibility for 96 gold pieces
 18857 | Orc:2    | Bought an embroidered hat for 175 gold pieces
 18857 | Orc:2    | Bought a brightly glowing hat for 225 gold pieces
 18857 | Orc:2    | Identified the +3 hat of Vlad {rN+ Slay+2} (You bought it
                  | in a shop on level 2 of the Orcish Mines)
 19482 | Lair:1   | Entered Level 1 of the Lair of Beasts
 20366 | Lair:2   | Found a staircase to the Shoals.
 20886 | Lair:2   | Found a staircase to the Snake Pit.
 21539 | Lair:3   | Identified the +1 morningstar of Qazlal, Bedazzling {flame,
                  | Str+3}
 21622 | Lair:3   | Reached XP level 15. HP: 113/121 MP: 14/14
 21886 | Lair:3   | Bought the +0 cloak of the Goldsmith {+Inv Str+4} for 322
                  | gold pieces
 21886 | Lair:3   | Bought a +2 cloak of stealth for 258 gold pieces
 21947 | Lair:4   | Reached skill level 20 in Armour
 21978 | Lair:4   | Found a runed translucent door.
 22006 | Lair:4   | Found a viscous altar of Jiyva.
 22006 | Lair:4   | Found a staircase to the Slime Pits.
 22825 | Lair:5   | Entered Level 5 of the Lair of Beasts
 22888 | Lair:5   | Reached skill level 10 in Evocations
 24247 | Lair:5   | Identified the +5 halberd "Ciengah" {drain, rN+}
 25070 | Shoals:1 | Entered Level 1 of the Shoals
 25080 | Lair:2   | Bought a scroll of enchant weapon for 112 gold pieces
 25080 | Lair:2   | Bought a scroll of enchant weapon for 112 gold pieces
 25374 | Shoals:1 | Noticed Josephine
 25393 | Shoals:1 | Killed Josephine
 25587 | Shoals:1 | Noticed Mlioglotl
 25600 | Shoals:1 | Killed Mlioglotl
 25932 | Shoals:2 | Reached XP level 16. HP: 106/128 MP: 15/15
 26126 | Shoals:2 | Found Metal's Antique Armour Emporium.
 26180 | Shoals:2 | Bought a pair of distressingly furry boots for 332 gold
                  | pieces
 26180 | Shoals:2 | Identified the +0 pair of boots of Xoid {Dex+2} (You bought
                  | it in a shop on level 2 of the Shoals)
 27647 | Shoals:3 | Noticed Roxanne
 27927 | Shoals:3 | Killed Roxanne
 28284 | Shoals:3 | Noticed a kraken
 28886 | Shoals:3 | Killed a kraken
 29161 | Shoals:4 | Entered Level 4 of the Shoals
 29167 | Shoals:4 | Reached skill level 15 in Shields
 29309 | Shoals:4 | Got the Parchment of the Iceberg
 29570 | Shoals:4 | Got Zeoha's Codex of Atmospheric Combustion
 29645 | Shoals:4 | Noticed Mara
 29647 | Shoals:4 | Noticed Anriel's illusion
 29650 | Shoals:4 | Noticed Ilsuiw
 30385 | Shoals:4 | Noticed Anriel's illusion
 30409 | Shoals:4 | HP: 3/128 [merfolk impaler/+0 trident (13)]
 30816 | Shoals:4 | Noticed Anriel's illusion
 30886 | Shoals:3 | Killed Mara
 30887 | Shoals:3 | Reached XP level 17. HP: 106/134 MP: 16/16
 30915 | Shoals:4 | Killed Ilsuiw
 31605 | Shoals:4 | Got the Tractate on Incandescent Accomplices
 31966 | Shoals:4 | HP: 4/134 [merfolk impaler/+0 trident of protection (10)]
 31967 | Shoals:4 | Drowned by a water nymph

Illustrated notes

Levels and vault maps discovered:
D:1:      ncdulo_watergridlock, layout_rooms,
          hellmonk_ecumenical_altar_watching_god
D:2:      layout_basic
D:3:      layout_rooms, nicolae_overflow_hidden_temple, serial_bayou_pond_c,
          kennysheep_generic_room_9, uniq_terence, uniq_sigmund, uniq_robin,
          uniq_natasha
D:4:      layout_rooms, serial_shops, shop, shop, nicolae_shop_advertising_works
          [nicolae_subvault_shop_adworks], nicolae_shop_crystal,
          nicolae_shop_behind_doors, minmay_between
D:5:      layout_basic, serial_shops, kennysheep_mini_moat,
          hangedman_decor_growths, uniq_prince_ribbit1, uniq_pikel, uniq_ijyb,
          uniq_blork_the_orc
D:6:      layout_layer_cave, minmay_temple_entry_glassed_door
D:7:      layout_loops_corners
D:8:      layout_cave_pods, lemuel_zombie_altar_kikubaaqudgha,
          trog_three_pillars_becter, mainiacjoe_overflow_chevrons,
          minmay_guarded_unrand_staff_of_olgreb, uniq_erica
D:9:      layout_loops_ring, mainiacjoe_overflow_concentric_impassable,
          mainiacjoe_overflow_six_doors_small, david_orc_4, minivault_16,
          minmay_misc_feat_columns
D:10:     layout_basic, mainiacjoe_overflow_paths, lair_entry_dummy,
          enter_bailey_5, minmay_pinched_square, uniq_nergalle
D:11:     layout_roguey
D:12:     layout_irregular_city, nicolae_underground_beach
D:13:     layout_cave_pools, serial_bayou_lagoon_b, uniq_kirke
D:14:     layout_basic, grunt_vaults_entry_fortified, pf_eden, uniq_agnes,
          uniq_louise
D:15:     gammafunk_enter_depths_forms, layout_irregular_city,
          serial_column_ruins, column_ruins_courtyard_long,
          column_ruins_circle_medium, column_ruins_grid_3,
          column_ruins_open_tiny, column_ruins_columns_plus,
          column_ruins_open_tiny, column_ruins_corridor_straight,
          minmay_crystal_water
Temple:   eino_narrow_crystal_temple
Lair:1:   layout_gridlike, grunt_megastairs_4
Lair:2:   layout_loops_ring, minmay_shoals_entry_lonely_mermaid,
          minmay_snake_entry_six_corridors
Lair:3:   layout_long_grid, lemuel_fruit_fields, lemuel_fruit_fields
Lair:4:   layout_cave_pods, slime_entry_2, minivault_25, eino_house_with_fridge
Lair:5:   minmay_lair_end_frog_pond, layout_loops_ring
Shoals:1: layout_shoals, uniq_mlioglotl, uniq_josephine
Shoals:2: layout_shoals, serial_shops, shop, shop, shop
Shoals:3: layout_shoals, uniq_roxanne
Shoals:4: shoals_end_hangedman, layout_shoals, shoal_ilsuiw, uniq_mara
Orc:1:    layout_diamond_mine
Orc:2:    st_orc_rangers, layout_caves

Skill      XL: |  1  2  3  4  5  6  7  8  9 10 11 12 13 14 15 16 |
---------------+-------------------------------------------------+-----
Fighting       | 4 5 6 8 |  8.1
Maces & Flails | 3 4 6 8 10 13 15 16 19 | 19.6
Armour         | 4 5 9 11 13 15 17 19 20 | 20.8
Shields        | 4 5 6 10 12 15 | 15.0
Evocations     | 3 5 9 10 | 10.7
Throwing       | 2 5 6 10 11 | 11.6

Action                   |  1- 3 |  4- 6 |  7- 9 | 10-12 | 13-15 | 16-18 || total
-------------------------+-------+-------+-------+-------+-------+-------++-------
Melee: Flail             |    56 |       |   233 |   547 |       |       ||   836
       Headbutt          |     9 |    19 |    42 |   171 |   331 |   182 ||   754
       Mace              |    38 |    96 |    27 |       |       |       ||   161
       Morningstar       |       |       |       |   214 |   643 |       ||   857
       Eveningstar       |       |       |       |       |   693 |   654 ||  1347
Throw: Dart              |       |     3 |    12 |    21 |       |       ||    36
       Boomerang         |       |       |     2 |    73 |   208 |   125 ||   408
       Javelin           |       |       |       |       |    21 |       ||    21
Invok: Call Merchant     |       |       |       |     2 |     3 |       ||     5
 Abil: Evoke Invisibilit |       |       |       |       |       |     1 ||     1
Evoke: Wand              |       |       |     1 |       |    22 |    18 ||    41
       Lightning rod     |       |       |       |       |     6 |     4 ||    10
       Condenser vane    |       |       |       |       |       |     1 ||     1
  Use: Scroll            |     3 |     1 |    12 |     9 |    17 |     7 ||    49
       Potion            |       |     1 |     4 |     2 |    11 |    12 ||    30
 Stab: Distracted        |       |       |     1 |     7 |    10 |     4 ||    22
       Held in net/web   |       |       |       |     1 |       |       ||     1
       Invisible         |       |       |       |       |     4 |       ||     4
       Petrifying        |       |       |       |       |     3 |       ||     3
       Petrified         |       |       |       |       |     3 |       ||     3
Armor: Scale mail        |     9 |       |       |       |       |       ||     9
       Plate armour      |    44 |    61 |   175 |    86 |       |       ||   366
       Chain mail        |       |       |       |    85 |       |       ||    85
       Crystal plate arm |       |       |       |   264 |   787 |   654 ||  1705
Dodge: Dodged            |    30 |    28 |    69 |   158 |   241 |   214 ||   740
Block: Buckler           |    17 |    23 |    98 |   429 |   645 |   502 ||  1714
       Reflection        |       |       |     2 |    13 |    49 |    31 ||    95
